Map: Ulrena

Players

Worming

  • Race: Zerg Zerg
  • League: Diamond

ROG - Winner!

  • Race: Protoss Protoss
  • League: Diamond

VOD

Have the link to the VOD?

Description

Time

  • Played on: July 5, 2016, 2:56 p.m.
  • Length: 2:33
Show
View Real Time Build Order
Export as new Build Order

Worming Zerg 

Build Orders: Pool First 

Get SALT Encoding   

  12  0:01  Drone  
  13  0:12  Overlord  
  13  0:25  Drone  
  14  0:32  Drone x2  
  16  0:37  Drone  
  17  0:49  Spawning Pool  
  17  0:57  Hatchery  
  16  1:06  Drone  
  16  1:09  Extractor  
  16  1:32  Spawning Pool  
  12  2:25  Spine Crawler  
Show
View Real Time Build Order
Export as new Build Order

ROG Protoss - Winner!

Build Orders:  

Get SALT Encoding   

  12  0:01  Probe (Chrono Boost)  
  13  0:12  Probe (Chrono Boost)  
  14  0:17  Pylon  
  14  0:22  Probe (Chrono Boost)  
  15  0:36  Probe (Chrono Boost)  
  15  0:40  Forge  
  16  0:46  Probe (Chrono Boost)  
  17  1:00  Probe (Chrono Boost)  
  18  1:06  Pylon  
  19  1:11  Probe (Chrono Boost)  
  19  1:16  Pylon  
  19  1:17  Pylon  
  19  1:25  Photon Cannon  
  19  1:38  Pylon  
  19  1:41  Pylon  
  19  1:56  Photon Cannon  
  19  2:01  Photon Cannon  
  19  2:14  Pylon  
  19  2:16  Probe (Chrono Boost)  
  19  2:20  Assimilator  
  20  2:25  Assimilator  
  21  2:32  Photon Cannon  
Tags
 
Matchup
PvZ
Opening
Pool First
Replay Pack
replay pack
Add a new tag
Caveats
  • Supply blocks, unpowered buildings, or Contaminate may cause inaccurate times.
  • Supply counts are checked every 10 seconds.